 Dungeon Crawl Stone Soup version 0.18.1-48-g4cf74bf (webtiles) character file.

32 tevo3000 the Ruffian (level 3, 0/28 (31) HPs)
             Began as a Ghoul Monk on Aug 31, 2016.
             Rotted away (potion of mutation)
             ... on level 2 of the Dungeon.
             The game lasted 00:05:33 (909 turns).

tevo3000 the Ruffian (Ghoul Monk)                    Turns: 909, Time: 00:05:33

HP:   0/28 (31)     AC:  7    Str: 20    XL:     3   Next: 25%
MP:   2/2           EV: 10    Int:  5    God:
Gold: 63            SH:  0    Dex: 11    Spells: 0 memorised, 2 levels left

rFire  . . .     SeeInvis +       - Unarmed
rCold  + . .     Gourm    +     j - +0 scale mail
rNeg   + + +     Faith    .     (no shield)
rPois  ∞         Spirit   .     (no helmet)
rElec  .         Dismiss  .     (no cloak)
rCorr  .         Reflect  .     a - +0 pair of gloves
SustAt .         Harm     .     (no boots)
MR     .....                    c - amulet of the gourmand (curse)
Stlth  +.........               (no ring)
                                b - ring of see invisible

@: mighty, rotting, not resistant to hostile enchantments, very unstealthy
A: rotting body, claws 1, carnivore 3, cold resistance 1, negative energy
resistance 3, slow regeneration 1, torment resistance, unbreathing
a: no special abilities


You were on level 2 of the Dungeon.
You were not hungry.

You visited 1 branch of the dungeon, and saw 2 of its levels.

You collected 63 gold pieces.

Inventory:

Armour
 a - a +0 pair of gloves (worn)
 j - a +0 scale mail (worn)
Jewellery
 b - a ring of see invisible (left hand)
 c - a cursed amulet of the gourmand (around neck)
Scrolls
 d - a scroll of fear {unknown}
 e - 2 scrolls of magic mapping {unknown}
 i - 3 scrolls of identify {unknown}
 k - a scroll of random uselessness {unknown}
Potions
 h - a potion of mutation
Comestibles
 g - a beef jerky


   Skills:
 - Level 3.2 Fighting
 + Level 2.9 Dodging
 + Level 3.0 Stealth
 * Level 5.0 Unarmed Combat


You had 2 spell levels left.
You didn't know any spells.

Dungeon Overview and Level Annotations

Branches:
Dungeon (2/15)

Altars:


Innate Abilities, Weirdness & Mutations

Your body is rotting away.
You thrive on raw meat.
You are immune to poison.
You have sharp fingernails.
You are carnivorous and can eat meat at any time.
Your flesh is cold resistant.
You are immune to negative energy.
You regenerate slowly when monsters are visible.
You are immune to unholy pain and torment.
You can survive without breathing.


Message History

You feel very mighty all of a sudden.
The gnoll hits you with a dagger of chaos.
* * * LOW HITPOINT WARNING * * *
The gnoll burns you.
* * * LOW HITPOINT WARNING * * *
You punch the gnoll!
You kill the gnoll!
Your Stealth skill increases to level 3!
Your Unarmed Combat skill increases to level 5!
You have reached level 3!
Your experience leads to an increase in your attributes!
Your base attributes are Str 14, Int 5, Dex 11.
Increase (S)trength, (I)ntelligence, or (D)exterity?
You feel stronger.
Drink which item? (? for menu, Esc to quit)
It was a potion of mutation.
You feel extremely strange.
Your body decomposes!
* * * LOW HITPOINT WARNING * * *
Your body decomposes!
You die...

..# #.#...#.# ..#
#.#...#.#
..#####.#...#.#
..............###
#.#####.#.#.....#
#.#####.##.####.#
.....##.#### #.#
........# #####.######
...)....###.##..@ggg.#
.###...........###g..#
....##.###.....# #.#.#
.##.##.# #.##### #g###
.##.##.# #.# .≈g
....[..# ### ⌠..≈.
###.#### ≈≈≈#... #.#
#.#.≈≈≈.g #.#
..##.#..≈.


You could see 4 gnolls.

Vanquished Creatures
  A gnoll (D:2)
  A giant cockroach (D:1)
  3 goblins
  2 hobgoblins
  2 jackals (D:2)
  A quokka (D:2)
  3 bats
  A giant newt (D:2)
  3 kobolds (D:1)
  4 rats
21 creatures vanquished.

Notes
Turn   | Place    | Note
--------------------------------------------------------------
     0 | D:1      | tevo3000 the Ghoul Monk began the quest for the Orb.
     0 | D:1      | Reached XP level 1. HP: 19/19 MP: 0/0
   184 | D:1      | Reached XP level 2. HP: 24/25 MP: 1/1
   908 | D:2      | Reached skill level 5 in Unarmed Combat
   908 | D:2      | Reached XP level 3. HP: 6/31 MP: 2/2
   909 | D:2      | Rotted away (potion of mutation)

Skill      XL: |  1  2 |
---------------+-------+-----
Stealth        | 3 |  3.0
Unarmed Combat | 5 |  5.0
Fighting       | |  3.2
Dodging        | |  2.9

Action                   || total
-------------------------++-------
Melee: Unarmed           ||    57
  Use: Potion            ||     1
 Stab: Sleeping          ||     2
  Eat: Chunk             ||     6
       Meat ration       ||     1
Armor: Robe              ||     5
       Scale mail        ||    10
Dodge: Dodged            ||    32
